 Dungeon Crawl Stone Soup version 0.31-a0-202-g547052bce9 (webtiles) character file.

Game seed: 17420720966403518201

72 qw the Shooter (level 4, -1/25 HPs)
             Began as a Deep Elf Hunter on June 26, 2023.
             Frozen to death by an endoplasm (5 damage)
             ... on level 3 of the Dungeon.
             The game lasted 00:00:36 (1423 turns).

qw the Shooter (Deep Elf Hunter)                    Turns: 1423, Time: 00:00:36

Health: -1/25      AC:  8    Str: 10    XL:     4   Next: 6%
Magic:  6/6        EV: 11    Int: 14    God:
Gold:   112        SH:  0    Dex: 18    Spells: 3/3 levels left

rFire   . . .        Y - +1 shortbow
rCold   . . .        (shield currently unavailable)
rNeg    . . .        e - +0 ring mail
rPois   .            g - +2 helmet
rElec   .            (no cloak)
rCorr   .            (no gloves)
SInv    .            (no boots)
Will    .....        (no amulet)
Stlth   +            (no ring)
HPRegen 0.24/turn    (no ring)
MPRegen 0.10/turn

%: no passive effects
@: about to teleport
A: no striking features
a: no special abilities


You were on level 3 of the Dungeon.
You visited 1 branch of the dungeon, and saw 3 of its levels.

You collected 112 gold pieces.


   Skills:
 - Level 1.5 Fighting
 + Level 7.5 Ranged Weapons
 - Level 2.4 Dodging
 - Level 1.2 Stealth


You had 3 spell levels left.
You didn't know any spells.
Your spell library was empty.

Inventory:

Hand Weapons
 Y - a +1 shortbow (weapon)
Armour
 e - a +0 ring mail (worn)
 g - a +2 helmet (worn)
Scrolls
 a - 3 scrolls of identify
Potions
 c - a potion of enlightenment
 f - a potion of curing

Dungeon Overview and Level Annotations

Branches:
Dungeon (3/15)

Altars:

Shops:
D:3 (


Message History

You shoot an arrow. The arrow misses the phantom.
The phantom barely misses you. The phantom closely misses you.
An endoplasm comes into view.
You shoot an arrow. The endoplasm quivers.
The arrow hits the phantom.
The phantom is lightly damaged.
The phantom hits you.
The phantom blinks!
You blink.
Found a spear.
You shoot an arrow. The arrow misses the phantom.
The phantom hits you.
The phantom blinks!
You blink.
You shoot an arrow. The arrow closely misses the phantom.
An adder comes into view.
The phantom hits you but does no damage.
You shoot an arrow. The arrow barely misses the phantom.
A goblin comes into view. It is wielding a +0 dagger.
The phantom closely misses you.
You shoot an arrow. The arrow closely misses the phantom.
The goblin shouts!
The phantom barely misses you.
You shoot an arrow. The arrow hits the phantom.
The phantom is moderately damaged.
The phantom hits you but does no damage.
The endoplasm hits you. The phantom hits you. The endoplasm freezes you.
You are frozen.
1421 ||| READING scroll of teleportation.
As you read the scroll of teleportation, it crumbles to dust.
You feel strangely unstable. The phantom closely misses you.
The endoplasm hits you but does no damage.
You shoot an arrow. The arrow hits the phantom.
The phantom is moderately damaged.
The adder bites you but does no damage. The phantom barely misses you.
The endoplasm closely misses you. The adder bites you but does no damage.
You shoot an arrow. The arrow barely misses the phantom.
The adder bites you but does no damage.
The phantom hits you but does no damage.
The endoplasm freezes you.
You are frozen.
You die...

........#
###.......#
.........#
........+
#.....\.#
#.......#
#####)......#
#<[.....########..
#######.W@........
#gSJ........
...............
................
...............)
........####....
.....>..# ....
........# ...


You could see a phantom, an adder, an endoplasm and a goblin.

Vanquished Creatures
  2 adders (D:2)
  A worm (D:2)
  A dart slug (D:1)
  An orc (D:3)
  6 bats
  7 endoplasms
  3 giant cockroaches
  2 goblins
  3 hobgoblins
  3 quokkas
  5 ball pythons (D:1)
  2 frilled lizards (D:1)
  5 kobolds
  6 rats
47 creatures vanquished.

Notes
Turn   | Place    | Note
-------+----------+-------------------------------------------
     0 | D:1      | qw the Deep Elf Hunter began the quest for the Orb.
     0 | D:1      | Reached XP level 1. HP: 12/12 MP: 3/3
     0 | D:1      | 0 ||| qw: Version: 0.3-a-22-g0ed2b0b
     0 | D:1      | 0 ||| qw: Game counter: 5739
     0 | D:1      | 0 ||| qw: Melee chars always use a shield: true
     0 | D:1      | 0 ||| qw: God list: Okawaru
     0 | D:1      | 0 ||| qw: Allow faded altars: false
     0 | D:1      | 0 ||| qw: Do Orc after clearing Dungeon:15 true
     0 | D:1      | 0 ||| qw: Do second Lair branch before Depths: true
     0 | D:1      | 0 ||| qw: Lair rune preference: random
     0 | D:1      | 0 ||| qw: Goals: Normal
     0 | D:1      | 0 ||| PLANNING D:1-11
    98 | D:1      | Reached XP level 2. HP: 16/16 MP: 4/4
   101 | D:1      | Reached skill level 6 in Ranged Weapons
   200 | D:1      | You fall into a shaft and drop 1 floor!
   252 | D:2      | Reached XP level 3. HP: 20/20 MP: 5/5
   265 | D:2      | 265 ||| UPGRADING to +0 ring mail.
   275 | D:2      | 275 ||| DROPPING +0 leather armour.
   276 | D:2      | 276 ||| UPGRADING to +2 helmet.
   281 | D:2      | 281 ||| READING scroll labelled EWOH TYONYDICO.
   286 | D:2      | 286 ||| READING scroll labelled FIZUDUOGYI.
   287 | D:2      | 287 ||| READING scroll labelled MOLEIS ZIOLU.
   288 | D:2      | 288 ||| DROPPING scroll of butterflies.
   321 | D:1      | Reached skill level 7 in Ranged Weapons
   874 | D:1      | 874 ||| READING scroll labelled IGUAR OLUH.
   875 | D:1      | 875 ||| READING scroll labelled QUGAKE EMICO.
   913 | D:1      | 913 ||| DRINKING 2 fuming yellow potions.
  1270 | D:2      | Reached XP level 4. HP: 25/25 MP: 6/6
  1347 | D:2      | 1347 ||| READING scroll labelled FANUOCUSASH.
  1348 | D:2      | 1348 ||| READING scroll labelled NEIBAO BASKASO.
  1349 | D:2      | 1349 ||| READING 4 scrolls of identify.
  1349 | D:2      | 1349 ||| IDENTIFYING blue potion
  1392 | D:3      | 1392 ||| STAIRDANCE
  1403 | D:3      | Noticed a phantom
  1409 | D:3      | Found Icly's Antique Weapon Shoppe.
  1420 | D:3      | HP: 3/25 [frozen (4)]
  1421 | D:3      | 1421 ||| READING scroll of teleportation.
  1423 | D:3      | Frozen to death by an endoplasm

Levels and vault maps discovered:
D:1:      sevenhm_arrival_forest_fort_small_6, layout_basic, serial_forest,
          infiniplex_forest_side_room, infiniplex_forest_lined_2,
          infiniplex_forest_clump_tiny, infiniplex_forest_zigzag_1,
          infiniplex_forest_corner_1, infiniplex_forest_clump_small
D:2:      layout_rooms
D:3:      layout_basic, serial_shops, shop, gammafunk_ghost_split,
          small_statue_intersection, minmay_cupped

Skill      XL: |  1  2  3 |
---------------+----------+-----
Ranged Weapons | 6 7 |  7.5
Fighting       | |  1.5
Dodging        | |  2.4
Stealth        | |  1.2

Action                     |  1- 3 |  4- 6 || total
---------------------------+-------+-------++-------
   Fire: Shortbow          |   102 |    25 ||   127
    Use: Scroll            |     5 |     4 ||     9
         Potion            |     1 |       ||     1
 Armour: Leather armour    |     2 |       ||     2
         Ring mail         |     7 |    10 ||    17
  Dodge: Dodged            |    13 |    11 ||    24

Table legend:
 A = Non-vault XP
 B = Vault XP
 C = Vault XP percentage of total XP
 D = Non-vault monster count
 E = Vault monster count
 F = Vault count percentage of total count
                 A         B        C        D         E       F
            +---------+---------+-------+---------+---------+-------
      Total |     103 |       0 |   0.0 |      47 |       0 |   0.0
            +---------+---------+-------+---------+---------+-------
        D:1 |      46 |       0 |   0.0 |      29 |       0 |   0.0
        D:2 |      52 |       0 |   0.0 |      16 |       0 |   0.0
        D:3 |       5 |       0 |   0.0 |       2 |       0 |   0.0
            +---------+---------+-------+---------+---------+-------
